Workbook

Sheet Tabulka_opatření_17.7.2020_tisk
A1: Tabulka ekonomických opatření EU-27+UK zpracovaná k 17. 7. 2020 na základě vstupů z databáze OECD, MMF a dalších - viz legendu na konci
A3: Hlavní kategorie | B3: Specifické kategorie | C3: Země | D3: Částka (mld. EUR) | E3: Trvání opatření do: | F3: Další specifikace (zacílené subjekty, účast státu, provázanost s dalšími opatřeními, atd.)
A4: Záruky na bankovní úvěry; státní půjčky pro firmy; dluhová moratoria apod. | B4: Státní půjčky specificky pro SMEs + OSVČ + … | C4: ČR | D4: 0.18 | E4: N/A | F4: COVID I: 0 %; 0,5-15 mil. Kč; do 90 % způsobilých výdajů; splatnost 2 roky; roční odklad splátek
C5: Polsko | D5: 16.5375 | E5: N/A | F5: Pro mikropodniky (5000 PLN)
C6: Německo | D6: P/T | E6: N/A | F6: Poskytování neomezených úvěrů od KfW; zvýšení limitu velikosti podniku
C7: Nizozemsko | D7: 2 | E7: N/A | F7: Nižší úroková sazba; pro OSVČ a "independent entrepreneurs"
C8: Lucembursko | D8: 0.3 | E8: N/A | F8: Vratné zálohy do 500 tis. EUR
C9: Portugalsko | D9: 0.06 | E9: N/A | F9: Mikropodniky v cestovním ruchu
C10: Švédsko | D10: 0.27 | E10: N/A | F10: Zvýšení kapitálové dotace pro Almi, státní agenturu, která nabízí půjčky SMEs
C11: UK | D11: P/T | E11: Viz spec. | F11: OSVČ: "univerzální úvěr": uvolnění podmínek, zvýšení příspěvku 1 tis GBP na rok; dále půjčky pro SMEs do 5 mil. GBP
C12: Irsko | D12: 0.2 | E12: N/A | F12: Podpora pracovního kapitálu; SMEs
C13: Chorvatsko | D13: 0.044942348 | E13: N/A | F13: Půjčky provozního kapitálu; SMEs; úr. sazby do 1 %
C14: Finsko | D14: 2 | E14: N/A | F14: Půjčky pro SMEs
B15: Státní půjčky pro podniky různých velikostí | C15: Německo | D15: 100 | E15: N/A | F15: 250+ zaměstnanců, úvěrová autorizace KfW za účelem refinancování
C16: Maďarsko | D16: 6.99 | E16: N/A | F16: Uvěrové linky Maďarské rozvojové banky na podporu krizových, technologických atd. programů
C17: Lucembursko | D17: 0.7 | E17: N/A | F17: SNCI ve spolupráci s KB; zmírnění podmínek pro splátky
C18: Španělsko | D18: 10 | E18: N/A | F18: Zvýšení objemu úvěrových linek ICO pro podniky a OSVČ
C19: Portugalsko | D19: 0.34 | E19: N/A | F19: Nejvíce zasažené firmy
C20: Řecko | D20: 2 | E20: N/A | F20: Vratná záloha na základě snížení obratu nebo jiných faktorů
C21: Estonsko | D21: 0.55 | E21: N/A | F21: Provozní i investiční úvěry (max. 5 mil. eur/firmu s úrokem 4% ročně)
C22: Lotyšsko | D22: 0.2 | E22: Viz spec. | F22: Půjčky až na 3 roky na pracovní kapitál; odklad splátek: rok; subvence úroků
C23: Litva | D23: 0.782 | E23: N/A | F23: Půjčky + investice do rizikového kapitálu + kompenzace úroků, …
C24: Slovinsko | D24: 0.6 | E24: N/A | F24: Úvěrové linky
C25: Polsko | D25: P/T | E25: N/A | F25: Úvěry z rozv. fondu na pomoc proti propouštění pracovníků; 3 roky; 0 % úrok
C26: Chorvatsko | D26: 1 | E26: N/A | F26: Zasažené firmy; nulové či subvencované úroky
C27: Irsko | D27: 0.2 | E27: N/A | F27: Vratné zálohy; při poklesu obratu min. o 15 %; 10+ zaměstnanců
C28: UK | D28: 385.968 | E28: N/A | F28: Státní půjčky na podnikání, zahrnuje též garance (viz níže)
B29: Záruky státu na půjčky specificky pro SMEs + | C29: Německo | D29: 2.5 | E29: N/A | F29: Zvýšení míry rizika přebíraného státem, 2x vyšší garance od garačních bank
C30: Dánsko | D30: 3.348 | E30: N/A | F30: Pro SMEs při poklesu obratu; záruka do 70 % úvěru
C31: Itálie | D31: 100 | E31: N/A | F31: Max. 5 mil.; rozšíření dostupnosti; mohou přispět i soukr. osoby; snížení poplatků; rovněž pro "freelancers", OSVČ
C32: Nizozemsko | D32: 2.313 | E32: 2024-25 | F32: Max. 1,5 mil./SME 75% garance (BMKB); 10-50 tis./SME až 95% garance (KKC); 50% garance pro startupy (COL)
C33: Litva | D33: 0.5 | E33: N/A | F33: Zvýšení stropů INVEGA (fond pro podporu SMEs)
C34: Španělsko | D34: 1 | E34: N/A | F34: SMESs + OSVČ; garance 80 % nových a obnovovaných půjček
C35: Švédsko | D35: 20.682 | E35: N/A | F35: Státní záruka na 70% nových bankovních úvěrů pro malé podniky; do 75 mil SEK
C36: Portugalsko | D36: 0.97 | E36: N/A | F36: Odvětví: restaurace, turismus, turistické ubytování, průmysl
C37: Rumunsko | D37: 3.105 | E37: N/A | F37: Rozšíření státních záruk; dotovaní úroků pro malé a mikropodniky
C38: ČR | D38: 0.78991 | E38: N/A | F38: COVID II a Praha: záruka až 80 % jistiny; dotace úroků; na úvěry do 15 mil. Kč
C39: Slovensko | D39: 0.15 | E39: N/A | F39: Záruky za úvěry a úhrada úroků státem; SMEs+OSVČ
C40: Bulharsko | D40: 0.255 | E40: N/A | F40: Záruky na půjčky pro SMEs a mikropodniky (na investice a prac. kapitál)
C41: Chorvatsko | D41: 0.27607442 | E41: N/A | F41: Záruky na půjčky mikropodnikům a SMEs
C42: Irsko | D42: 2 | E42: N/A | F42: Záruky na podporu půjček pro SMEs (3 měsíce až 6 let)
A43: Záruky na bankovní úvěry; státní půjčky pro firmy; dluhová moratoria apod. - pokračování ze str. 1 | B43: Záruky státu na půjčky pro podniky různých velikostí | C43: ČR | D43: 18.37 | E43: N/A | F43: COVID III pro OSVČ/firmy do 500 zaměstnanců
C44: Slovensko | D44: 1.5 | E44: N/A | F44: Nespecifikováno; 0,5 mld. měsíčně
C45: Polsko | D45: 22.05 | E45: N/A | F45: Zvýšení garancí národní rozvojové banky (BGK)
C46: Německo | D46: 463 | E46: N/A | F46: 250+ zaměstnanců, vč. záruk regionu
C47: Rakousko | D47: 7 | E47: N/A | F47: Poskytovány také OSVČ; + část z 15 mld. v kategorii "přímé fin. výplaty od státu"
C48: Dánsko | D48: 4.781 | E48: N/A | F48: Pro velké podniky při poklesu obratu; záruka do 70 % úvěru
C49: Francie | D49: 300 | E49: 12/20 | F49: Do 25 % roč. obratu nebo 2 let mzd. nákl.; roční odklad splátek; garance 70-90 %
C50: Itálie | D50: 210 | E50: N/A | F50: Pro podniky všech velikostí; + pouze střední/velké
C51: Nizozemsko | D51: 10 | E51: N/A | F51: SMEs i velké; 1,5-150 mil./firmu; 80% garance státu (GO-regeling)
C52: Lucembursko | D52: 2.7 | E52: 12/20 | F52: Garance státu do 85 % úvěrových linek; "SME Guarantee" - záruky na pracovní kapitál
C53: Španělsko | D53: 100 | E53: N/A | F53: U větších společností: státní garance 70 % nových půjček, 60 % obnovovaných
C54: Portugalsko | D54: 2.05 | E54: N/A | F54: Odvětví: restaurace, turismus, turistické ubytování, průmysl, rybolov, zeměd.
C55: Estonsko | D55: 1 | E55: N/A | F55: Úvěrové záruky na již existující úvěry (max. 5 mil. eur/firmu)
... C64: Chorvatsko | D64: 0.78616352 | E64: N/A | F64: Pro zasažené firmy; alespoň 20 % příjmů musí být export
C65: Maďarsko | D65: P/T | E65: N/A | F65: 90% vládní garance na uvěrové linky Maďarské rozvojové banky
C66: Malta | D66: 0.39 | E66: N/A | F66: Záruky státu KB + dotace úroků státem
C67: UK | D67: P/T | E67: N/A | F67: Státní záruky na půjčky pro firmy, včetně financování obchodu
B68: Půjčky/garance/zajištění specificky pro exportní firmy | C68: Rakousko | D68: 2 | E68: N/A | F68: Záruky; pokrytí 15 % provozních nákladů firem
C69: Dánsko | D69: 4.1848125 | E69: N/A | F69: Zvýšení garancí vývozních úvěrů pro SMEs; + garance pro úvěrové pojišťovny: na obchodní/exportní aktivity firem
C70: Francie | D70: 2.5 | E70: N/A | F70: Zajištění krátkodobých exportních půjček; zahrnuto více exp. trhů
C71: Slovinsko | D71: P/T | E71: N/A | F71: Finanční prostředky poskytnuté Státní exportní a rozvojovou bankou
C72: Švédsko | D72: 11.49 | E72: N/A | F72: Zvýšena alokace na úvěry, zvýšen strop pro úvěrové záruky EKN
C73: Lucembursko | D73: 0.5 | E73: N/A | F73: Rozšíření exportních garancí
C74: Nizozemsko | D74: N/A | E74: N/A | F74: Zvýšení pojištění vývozních úvěrů (Atradius)
C75: Španělsko | D75: 2 | E75: N/A | F75: Dodatečné garance; KB poskytnou pracovní kapitál
C76: Maďarsko | D76: N/A | E76: N/A | F76: Garance/pojišťovací schémata/půjčky na pracovní kapitál
C77: Itálie | D77: 200 | E77: 2021 | F77: Záruky pro udržení exportu
C78: Rumunsko | D78: N/A | E78: N/A | F78: Pojištění krátkodobých vývozních úvěrů prostřednictvím EximBank
C79: Německo | D79: P/T | E79: N/A | F79: Rozšíření exportních záruk i na země EU a vybrané země OECD
C80: ČR | D80: 12.1242 | E80: N/A | F80: EGAP - pojistná kapacita
C81: Chorvatsko | D81: 0.00015 | E81: N/A | F81: Program pojištění exportních půjček pro SMEs
C82: Portugalsko | D82: 0.25 | E82: N/A | F82: Zvýšení stropů pro pojištění úvěrů; metalurgie, mechanická odvětví, staveb., krátkodobý vývoz
B83: Dluhová moratoria/odklad splátek | C83: Polsko | D83: N/A | E83: N/A | F83: Splátkový kalendář pro osoby ve finančních potížích, dobrovolný odklad splátek
C84: Itálie | D84: 220 | E84: Viz spec. | F84: Jednoleté přerušení splátek hypoték nezaměstnaným; odklad splátek SMEs (do 09/20); + odklad dalších splátek (vč. hypoték); podpořeno zárukami státu
C85: Nizozemsko | D85: N/A | E85: Viz spec. | F85: 6 měsíců; firemní půjčky pod 2,5 (50) mil.; iniciativa bankovního sektoru
C86: Slovinsko | D86: N/A | E86: Viz spec. | F86: Roční odklad splácení úvěrů státu
C87: Litva | D87: N/A | E87: Viz spec. | F87: Prodloužení (3-6 měsíců) odkladu pro splácení hypotečních úvěrů propuštěným
C88: Lucembursko | D88: N/A | E88: Viz spec. | F88: Závazek KB; půlroční moratorium; pro SMEs, OSVČ a "liberal professionals"; uvolnění podmínek splácení úvěrů
C89: Španělsko | D89: N/A | E89: 06-09/20 | F89: Zranitelné skupiny; 3 měsíce úvěry, včetně hypoték (+ OSVČ; až 6 měs.)
C90: Belgie | D90: N/A | E90: 09/20 | F90: Moratoria na hypotéky/úvěry/pojistné na požár atd.: rodiny, firmy a OSVČ
C91: Irsko | D91: N/A | E91: Viz spec. | F91: Moratorium úroky/splátky na 6měsíců v programu "mikrofinancování "; plošné (3 měsíce) moratorium na splátky pro firmy, SMEs, jednotlivce (dle situace)
C92: Chorvatsko | D92: N/A | E92: Viz spec. | F92: Moratorium na splátky 3 měs.; odklad subvencovaných hypoték
C93: ČR | D93: N/A | E93: Viz spec. | F93: Jednotlivci a firmy; 3 nebo 6 měsíců; úvěry a hypotéky
C94: Maďarsko | D94: N/A | E94: N/A | F94: Moratorium na všechny splátky úvěrů u KB
C95: Dánsko | D95: N/A | E95: N/A | F95: Dohoda vlády a KB na odkladu splátek úvěrů a hypoték pro domácnosti
C96: Slovensko | D96: N/A | E96: Viz spec. | F96: Odklad splácení hypoték a úvěrů až na 9 měsíců
... C99: Kypr | D99: N/A | E99: Viz spec. | F99: Odklad všech splátek a zmrazení úroků; 9 měsíců
A100: Záruky na bankovní úvěry; státní půjčky pro firmy; dluhová moratoria apod. - pokračování ze str. 1 a 2 | B100: Rekapitalizace, nákup akcií, znárodnění | C100: Bulharsko | D100: 0.15 | E100: N/A | F100: Kvazi/kapitálové investice do SMEs zasažených krizí
C101: Francie | D101: 20 | E101: N/A | F101: Kapitálové investice a znárodnění firem v obtížích
C102: Dánsko | D102: 1.7944476 | E102: N/A | F102: Rizikový kapitál i půjčky start-upům; + rekapitalizace velkých firem
C103: Irsko | D103: 2.2 | E103: N/A | F103: Záchranný/restrukturalizační program pro zranitelné, ale životaschopné firmy, rekapitalizace středních a velkých podniků za komerční podmínky
C104: Polsko | D104: 1.65 | E104: N/A | F104: Rekapitalizace velkých podniků
C105: Španělsko | D105: P/T | E105: N/A | F105: Nákup cenných papírů firem střední velikosti (MARF)
C106: Itálie | D106: 49 | E106: N/A | F106: Rekapitalizace velkých podniků skrze půjčky; + nákup korporátních dluhopisů
C107: Slovinsko | D107: P/T | E107: N/A | F107: Rekapitalizace a investice do fixních aktiv
C108: Německo | D108: 100 | E108: N/A | F108: Rekapitalizace, 250+ zaměstnanců
B109: Odklad insolvencí/vymáhání/exekucí | C109: Německo | D109: N/A | E109: 09/20 | F109: Zrušení povinnosti podat návrh na insolvenci v případě potíží
C110: Kypr | D110: N/A | E110: 06/20 | F110: Konsolidační banka zastavila exekuce
C111: Chorvatsko | D111: N/A | E111: N/A | F111: Odložení realizace exekucí - plánováno; odblokování přístupů k účtu
...

Sheet Tabulka_opatření_filtrování
A1: Tabulka ekonomických opatření EU-27+UK zpracovaná k 17. 7. 2020 na základě vstupů z databáze OECD, MMF a dalších - možnosti filtrování např. dle zemí, legenda viz předchozí list
A3: Hlavní kategorie | B3: Specifické kategorie | C3: Země | D3: Částka (mld. EUR) | E3: Trvání opatření do: | F3: Další specifikace (zacílené subjekty, účast státu, provázanost s dalšími opatřeními, atd.) | N3: Čáska (součty částek) v národní měně | O3: Pomocný výpočtový sloupec | P3: Pomocný výpočtový sloupec
A4: Záruky na bankovní úvěry; státní půjčky pro firmy; dluhová moratoria apod. | B4: Státní půjčky specificky pro SMEs + OSVČ + … | C4: ČR | D4: 0.18 | E4: N/A | F4: COVID I: 0 %; 0,5-15 mil. Kč; do 90 % způsobilých výdajů; splatnost 2 roky; roční odklad splátek | N4: 5 mld. Kč
A5: Záruky na bankovní úvěry; státní půjčky pro firmy; dluhová moratoria apod. | B5: Státní půjčky specificky pro SMEs + OSVČ + … | C5: Polsko | D5: 16.5375 | E5: N/A | F5: Pro mikropodniky (5000 PLN) | N5: 75 mld. PLN | O5: 75 | P5: =O5*Doplňkové_statistické_info!L8 -> 16.5375
A6: Záruky na bankovní úvěry; státní půjčky pro firmy; dluhová moratoria apod. | B6: Státní půjčky specificky pro SMEs + OSVČ + … | C6: Německo | D6: P/T | E6: N/A | F6: Poskytování neomezených úvěrů od KfW; zvýšení limitu velikosti podniku
A7: Záruky na bankovní úvěry; státní půjčky pro firmy; dluhová moratoria apod. | B7: Státní půjčky specificky pro SMEs + OSVČ + … | C7: Nizozemsko | D7: 2 | E7: N/A | F7: Nižší úroková sazba; pro OSVČ a "independent entrepreneurs"
A8: Záruky na bankovní úvěry; státní půjčky pro firmy; dluhová moratoria apod. | B8: Státní půjčky specificky pro SMEs + OSVČ + … | C8: Lucembursko | D8: 0.3 | E8: N/A | F8: Vratné zálohy do 500 tis. EUR
A9: Záruky na bankovní úvěry; státní půjčky pro firmy; dluhová moratoria apod. | B9: Státní půjčky specificky pro SMEs + OSVČ + … | C9: Portugalsko | D9: 0.06 | E9: N/A | F9: Mikropodniky v cestovním ruchu
A10: Záruky na bankovní úvěry; státní půjčky pro firmy; dluhová moratoria apod. | B10: Státní půjčky specificky pro SMEs + OSVČ + … | C10: Švédsko | D10: 0.27 | E10: N/A | F10: Zvýšení kapitálové dotace pro Almi, státní agenturu, která nabízí půjčky SMEs | N10: 3 mld. SEK | O10: 3 | P10: =O10*Doplňkové_statistické_info!L10 -> 0.27576
A11: Záruky na bankovní úvěry; státní půjčky pro firmy; dluhová moratoria apod. | B11: Státní půjčky specificky pro SMEs + OSVČ + … | C11: UK | D11: P/T | E11: Viz spec. | F11: OSVČ: "univerzální úvěr": uvolnění podmínek, zvýšení příspěvku 1 tis GBP na rok; dále půjčky pro SMEs do 5 mil. GBP
A12: Záruky na bankovní úvěry; státní půjčky pro firmy; dluhová moratoria apod. | B12: Státní půjčky specificky pro SMEs + OSVČ + … | C12: Irsko | D12: 0.2 | E12: N/A | F12: Podpora pracovního kapitálu; SMEs
A13: Záruky na bankovní úvěry; státní půjčky pro firmy; dluhová moratoria apod. | B13: Státní půjčky specificky pro SMEs + OSVČ + … | C13: Chorvatsko | D13: 0.044942348 | E13: N/A | F13: Půjčky provozního kapitálu; SMEs; úr. sazby do 1 % | N13: 0,343 mld. HRK | O13: 0.343 | P13: =O13*Doplňkové_statistické_info!L15 -> 0.044942348
A14: Záruky na bankovní úvěry; státní půjčky pro firmy; dluhová moratoria apod. | B14: Státní půjčky specificky pro SMEs + OSVČ + … | C14: Finsko | D14: 2 | E14: N/A | F14: Půjčky pro SMEs
A15: Záruky na bankovní úvěry; státní půjčky pro firmy; dluhová moratoria apod. | B15: Státní půjčky pro podniky různých velikostí | C15: Německo | D15: 100 | E15: N/A | F15: 250+ zaměstnanců, úvěrová autorizace KfW za účelem refinancování
A16: Záruky na bankovní úvěry; státní půjčky pro firmy; dluhová moratoria apod. | B16: Státní půjčky pro podniky různých velikostí | C16: Maďarsko | D16: 6.99 | E16: N/A | F16: Uvěrové linky Maďarské rozvojové banky na podporu krizových, technologických atd. programů | N16: 2500 mld. HUN | O16: 2500 | P16: =O16*Doplňkové_statistické_info!L14 -> 6.99
A17: Záruky na bankovní úvěry; státní půjčky pro firmy; dluhová moratoria apod. | B17: Státní půjčky pro podniky různých velikostí | C17: Lucembursko | D17: 0.7 | E17: N/A | F17: SNCI ve spolupráci s KB; zmírnění podmínek pro splátky
A18: Záruky na bankovní úvěry; státní půjčky pro firmy; dluhová moratoria apod. | B18: Státní půjčky pro podniky různých velikostí | C18: Španělsko | D18: 10 | E18: N/A | F18: Zvýšení objemu úvěrových linek ICO pro podniky a OSVČ
A19: Záruky na bankovní úvěry; státní půjčky pro firmy; dluhová moratoria apod. | B19: Státní půjčky pro podniky různých velikostí | C19: Portugalsko | D19: 0.34 | E19: N/A | F19: Nejvíce zasažené firmy
A20: Záruky na bankovní úvěry; státní půjčky pro firmy; dluhová moratoria apod. | B20: Státní půjčky pro podniky různých velikostí | C20: Řecko | D20: 2 | E20: N/A | F20: Vratná záloha na základě snížení obratu nebo jiných faktorů
A21: Záruky na bankovní úvěry; státní půjčky pro firmy; dluhová moratoria apod. | B21: Státní půjčky pro podniky různých velikostí | C21: Estonsko | D21: 0.55 | E21: N/A | F21: Provozní i investiční úvěry (max. 5 mil. eur/firmu s úrokem 4% ročně) | N21: 0,5+0,05
A22: Záruky na bankovní úvěry; státní půjčky pro firmy; dluhová moratoria apod. | B22: Státní půjčky pro podniky různých velikostí | C22: Lotyšsko | D22: 0.2 | E22: Viz spec. | F22: Půjčky až na 3 roky na pracovní kapitál; odklad splátek: rok; subvence úroků
A23: Záruky na bankovní úvěry; státní půjčky pro firmy; dluhová moratoria apod. | B23: Státní půjčky pro podniky různých velikostí | C23: Litva | D23: 0.782 | E23: N/A | F23: Půjčky + investice do rizikového kapitálu + kompenzace úroků, …
A24: Záruky na bankovní úvěry; státní půjčky pro firmy; dluhová moratoria apod. | B24: Státní půjčky pro podniky různých velikostí | C24: Slovinsko | D24: 0.6 | E24: N/A | F24: Úvěrové linky
A25: Záruky na bankovní úvěry; státní půjčky pro firmy; dluhová moratoria apod. | B25: Státní půjčky pro podniky různých velikostí | C25: Polsko | D25: P/T | E25: N/A | F25: Úvěry z rozv. fondu na pomoc proti propouštění pracovníků; 3 roky; 0 % úrok
A26: Záruky na bankovní úvěry; státní půjčky pro firmy; dluhová moratoria apod. | B26: Státní půjčky pro podniky různých velikostí | C26: Chorvatsko | D26: 1 | E26: N/A | F26: Zasažené firmy; nulové či subvencované úroky
A27: Záruky na bankovní úvěry; státní půjčky pro firmy; dluhová moratoria apod. | B27: Státní půjčky pro podniky různých velikostí | C27: Irsko | D27: 0.2 | E27: N/A | F27: Vratné zálohy; při poklesu obratu min. o 15 %; 10+ zaměstnanců
A28: Záruky na bankovní úvěry; státní půjčky pro firmy; dluhová moratoria apod. | B28: Státní půjčky pro podniky různých velikostí | C28: UK | D28: 385.968 | E28: N/A | F28: Státní půjčky na podnikání, zahrnuje též garance (viz níže) | N28: 330+10 mld. GBP | O28: 340 | P28: =O28*Doplňkové_statistické_info!L12 -> 385.968
A29: Záruky na bankovní úvěry; státní půjčky pro firmy; dluhová moratoria apod. | B29: Záruky státu na půjčky specificky pro SMEs + | C29: Německo | D29: 2.5 | E29: N/A | F29: Zvýšení míry rizika přebíraného státem, 2x vyšší garance od garačních bank
A30: Záruky na bankovní úvěry; státní půjčky pro firmy; dluhová moratoria apod. | B30: Záruky státu na půjčky specificky pro SMEs + | C30: Dánsko | D30: 3.348 | E30: N/A | F30: Pro SMEs při poklesu obratu; záruka do 70 % úvěru | N30: 25 mld. DKK
A31: Záruky na bankovní úvěry; státní půjčky pro firmy; dluhová moratoria apod. | B31: Záruky státu na půjčky specificky pro SMEs + | C31: Itálie | D31: 100 | E31: N/A | F31: Max. 5 mil.; rozšíření dostupnosti; mohou přispět i soukr. osoby; snížení poplatků; rovněž pro "freelancers", OSVČ
A32: Záruky na bankovní úvěry; státní půjčky pro firmy; dluhová moratoria apod. | B32: Záruky státu na půjčky specificky pro SMEs + | C32: Nizozemsko | D32: 2.313 | E32: 2024-25 | F32: Max. 1,5 mil./SME 75% garance (BMKB); 10-50 tis./SME až 95% garance (KKC); 50% garance pro startupy (COL) | N32: 1,5+0,713+0,1 | O32: =1.5+0.713+0.1 -> 2.313
A33: Záruky na bankovní úvěry; státní půjčky pro firmy; dluhová moratoria apod. | B33: Záruky státu na půjčky specificky pro SMEs + | C33: Litva | D33: 0.5 | E33: N/A | F33: Zvýšení stropů INVEGA (fond pro podporu SMEs)
A34: Záruky na bankovní úvěry; státní půjčky pro firmy; dluhová moratoria apod. | B34: Záruky státu na půjčky specificky pro SMEs + | C34: Španělsko | D34: 1 | E34: N/A | F34: SMESs + OSVČ; garance 80 % nových a obnovovaných půjček
A35: Záruky na bankovní úvěry; státní půjčky pro firmy; dluhová moratoria apod. | B35: Záruky státu na půjčky specificky pro SMEs + | C35: Švédsko | D35: 20.682 | E35: N/A | F35: Státní záruka na 70% nových bankovních úvěrů pro malé podniky; do 75 mil SEK | N35: 225 mld SEK | O35: 225 | P35: =O35*Doplňkové_statistické_info!L10 -> 20.682
A36: Záruky na bankovní úvěry; státní půjčky pro firmy; dluhová moratoria apod. | B36: Záruky státu na půjčky specificky pro SMEs + | C36: Portugalsko | D36: 0.97 | E36: N/A | F36: Odvětví: restaurace, turismus, turistické ubytování, průmysl
A37: Záruky na bankovní úvěry; státní půjčky pro firmy; dluhová moratoria apod. | B37: Záruky státu na půjčky specificky pro SMEs + | C37: Rumunsko | D37: 3.105 | E37: N/A | F37: Rozšíření státních záruk; dotovaní úroků pro malé a mikropodniky | N37: 15 mld. RON | O37: 15 | P37: =O37*Doplňkové_statistické_info!L9 -> 3.105
A38: Záruky na bankovní úvěry; státní půjčky pro firmy; dluhová moratoria apod. | B38: Záruky státu na půjčky specificky pro SMEs + | C38: ČR | D38: 0.78991 | E38: N/A | F38: COVID II a Praha: záruka až 80 % jistiny; dotace úroků; na úvěry do 15 mil. Kč | N38: 20+1,5 mld. Kč | O38: 21.5 | P38: =O38*Doplňkové_statistické_info!L7 -> 0.78991
A39: Záruky na bankovní úvěry; státní půjčky pro firmy; dluhová moratoria apod. | B39: Záruky státu na půjčky specificky pro SMEs + | C39: Slovensko | D39: 0.15 | E39: N/A | F39: Záruky za úvěry a úhrada úroků státem; SMEs+OSVČ
A40: Záruky na bankovní úvěry; státní půjčky pro firmy; dluhová moratoria apod. | B40: Záruky státu na půjčky specificky pro SMEs + | C40: Bulharsko | D40: 0.255 | E40: N/A | F40: Záruky na půjčky pro SMEs a mikropodniky (na investice a prac. Kapitál)
A41: Záruky na bankovní úvěry; státní půjčky pro firmy; dluhová moratoria apod. | B41: Záruky státu na půjčky specificky pro SMEs + | C41: Chorvatsko | D41: 0.27607442 | E41: N/A | F41: Záruky na půjčky mikropodnikům a SMEs | N41: 2,45-0,343 mld. HRK | O41: =2.45-0.343 -> 2.107 | P41: =O41*Doplňkové_statistické_info!L15 -> 0.27607442
A42: Záruky na bankovní úvěry; státní půjčky pro firmy; dluhová moratoria apod. | B42: Záruky státu na půjčky specificky pro SMEs + | C42: Irsko | D42: 2 | E42: N/A | F42: Záruky na podporu půjček pro SMEs (3 měsíce až 6 let)
A43: Záruky na bankovní úvěry; státní půjčky pro firmy; dluhová moratoria apod. | B43: Záruky státu na půjčky pro podniky různých velikostí | C43: ČR | D43: 18.37 | E43: N/A | F43: COVID III pro OSVČ/firmy do 500 zaměstnanců | N43: 500 | O43: 500 | P43: =O43*Doplňkové_statistické_info!L7 -> 18.37
A44: Záruky na bankovní úvěry; státní půjčky pro firmy; dluhová moratoria apod. | B44: Záruky státu na půjčky pro podniky různých velikostí | C44: Slovensko | D44: 1.5 | E44: N/A | F44: Nespecifikováno; 0,5 mld. měsíčně
A45: Záruky na bankovní úvěry; státní půjčky pro firmy; dluhová moratoria apod. | B45: Záruky státu na půjčky pro podniky různých velikostí | C45: Polsko | D45: 22.05 | E45: N/A | F45: Zvýšení garancí národní rozvojové banky (BGK) | N45: 100 mld. PLN | O45: 100 | P45: =O45*Doplňkové_statistické_info!L8 -> 22.05
A46: Záruky na bankovní úvěry; státní půjčky pro firmy; dluhová moratoria apod. | B46: Záruky státu na půjčky pro podniky různých velikostí | C46: Německo | D46: 463 | E46: N/A | F46: 250+ zaměstnanců, vč. záruk regionu
A47: Záruky na bankovní úvěry; státní půjčky pro firmy; dluhová moratoria apod. | B47: Záruky státu na půjčky pro podniky různých velikostí | C47: Rakousko | D47: 7 | E47: N/A | F47: Poskytovány také OSVČ; + část z 15 mld. v kategorii "přímé fin. výplaty od státu"
A48: Záruky na bankovní úvěry; státní půjčky pro firmy; dluhová moratoria apod. | B48: Záruky státu na půjčky pro podniky různých velikostí | C48: Dánsko | D48: 4.781 | E48: N/A | F48: Pro velké podniky při poklesu obratu; záruka do 70 % úvěru | N48: 35,7 mld. DKK
A49: Záruky na bankovní úvěry; státní půjčky pro firmy; dluhová moratoria apod. | B49: Záruky státu na půjčky pro podniky různých velikostí | C49: Francie | D49: 300 | E49: 12/20 | F49: Do 25 % roč. obratu nebo 2 let mzd. nákl.; roční odklad splátek; garance 70-90 %
A50: Záruky na bankovní úvěry; státní půjčky pro firmy; dluhová moratoria apod. | B50: Záruky státu na půjčky pro podniky různých velikostí | C50: Itálie | D50: 210 | E50: N/A | F50: Pro podniky všech velikostí; + pouze střední/velké | N50: 200+10 mld. EUR
A51: Záruky na bankovní úvěry; státní půjčky pro firmy; dluhová moratoria apod. | B51: Záruky státu na půjčky pro podniky různých velikostí | C51: Nizozemsko | D51: 10 | E51: N/A | F51: SMEs i velké; 1,5-150 mil./firmu; 80% garance státu (GO-regeling)
A52: Záruky na bankovní úvěry; státní půjčky pro firmy; dluhová moratoria apod. | B52: Záruky státu na půjčky pro podniky různých velikostí | C52: Lucembursko | D52: 2.7 | E52: 12/20 | F52: Garance státu do 85 % úvěrových linek; "SME Guarantee" - záruky na pracovní kapitál
A53: Záruky na bankovní úvěry; státní půjčky pro firmy; dluhová moratoria apod. | B53: Záruky státu na půjčky pro podniky různých velikostí | C53: Španělsko | D53: 100 | E53: N/A | F53: U větších společností: státní garance 70 % nových půjček, 60 % obnovovaných
A54: Záruky na bankovní úvěry; státní půjčky pro firmy; dluhová moratoria apod. | B54: Záruky státu na půjčky pro podniky různých velikostí | C54: Portugalsko | D54: 2.05 | E54: N/A | F54: Odvětví: restaurace, turismus, turistické ubytování, průmysl, rybolov, zeměd.
A55: Záruky na bankovní úvěry; státní půjčky pro firmy; dluhová moratoria apod. | B55: Záruky státu na půjčky pro podniky různých velikostí | C55: Estonsko | D55: 1 | E55: N/A | F55: Úvěrové záruky na již existující úvěry (max. 5 mil. eur/firmu)
A56: Záruky na bankovní úvěry; státní půjčky pro firmy; dluhová moratoria apod. | B56: Záruky státu na půjčky pro podniky různých velikostí | C56: Lotyšsko | D56: 0.715 | E56: N/A | F56: Úvěrové záruky; odklad plateb až o 2 roky; + na pracovní kapitál (splat.: 3 roky)
A57: Záruky na bankovní úvěry; státní půjčky pro firmy; dluhová moratoria apod. | B57: Záruky státu na půjčky pro podniky různých velikostí | C57: Belgie | D57: 51.9 | E57: 09/20 | F57: Na nové úvěry (roční splatnost); + záruky regionů
A58: Záruky na bankovní úvěry; státní půjčky pro firmy; dluhová moratoria apod. | B58: Záruky státu na půjčky pro podniky různých velikostí | C58: Finsko | D58: 10.6 | E58: N/A | F58: Úvěrové záruky - Finnvera; + záruky pro námořní společnosti
A59: Záruky na bankovní úvěry; státní půjčky pro firmy; dluhová moratoria apod. | B59: Záruky státu na půjčky pro podniky různých velikostí | C59: Litva | D59: 0.851 | E59: N/A | F59: Firmy s problémy s likviditou a financemi
A60: Záruky na bankovní úvěry; státní půjčky pro firmy; dluhová moratoria apod. | B60: Záruky státu na půjčky pro podniky různých velikostí | C60: Slovinsko | D60: 5 | E60: 12/20 | F60: 70% garance úvěrů pro velké podniky a 80% pro mikropodniky a SMEs
A61: Záruky na bankovní úvěry; státní půjčky pro firmy; dluhová moratoria apod. | B61: Záruky státu na půjčky pro podniky různých velikostí | C61: Kypr | D61: 2.13 | E61: N/A | F61: Státní garance pro firmy
A62: Záruky na bankovní úvěry; státní půjčky pro firmy; dluhová moratoria apod. | B62: Záruky státu na půjčky pro podniky různých velikostí | C62: Bulharsko | D62: 0.255 | E62: N/A | F62: Portfoliové garance KB; umožní jim lepší podmínky pro úvěry firmám
A63: Záruky na bankovní úvěry; státní půjčky pro firmy; dluhová moratoria apod. | B63: Záruky státu na půjčky pro podniky různých velikostí | C63: Řecko | D63: 2 | E63: N/A | F63: Záruky na pracovní kapitál od Řecké rozvojové banky
A64: Záruky na bankovní úvěry; státní půjčky pro firmy; dluhová moratoria apod. | B64: Záruky státu na půjčky pro podniky různých velikostí | C64: Chorvatsko | D64: 0.78616352 | E64: N/A | F64: Pro zasažené firmy; alespoň 20 % příjmů musí být export | N64: 6 mld. HRK | O64: 6 | P64: =O64*Doplňkové_statistické_info!L15 -> 0.78616352
A65: Záruky na bankovní úvěry; státní půjčky pro firmy; dluhová moratoria apod. | B65: Záruky státu na půjčky pro podniky různých velikostí | C65: Maďarsko | D65: P/T | E65: N/A | F65: 90% vládní garance na uvěrové linky Maďarské rozvojové banky
A66: Záruky na bankovní úvěry; státní půjčky pro firmy; dluhová moratoria apod. | B66: Záruky státu na půjčky pro podniky různých velikostí | C66: Malta | D66: 0.39 | E66: N/A | F66: Záruky státu KB + dotace úroků státem | N66: 0,35+0,4
A67: Záruky na bankovní úvěry; státní půjčky pro firmy; dluhová moratoria apod. | B67: Záruky státu na půjčky pro podniky různých velikostí | C67: UK | D67: P/T | E67: N/A | F67: Státní záruky na půjčky pro firmy, včetně financování obchodu
A68: Záruky na bankovní úvěry; státní půjčky pro firmy; dluhová moratoria apod. | B68: Půjčky/garance/zajištění specificky pro exportní firmy | C68: Rakousko | D68: 2 | E68: N/A | F68: Záruky; pokrytí 15 % provozních nákladů firem
A69: Záruky na bankovní úvěry; státní půjčky pro firmy; dluhová moratoria apod. | B69: Půjčky/garance/zajištění specificky pro exportní firmy | C69: Dánsko | D69: 4.1848125 | E69: N/A | F69: Zvýšení garancí vývozních úvěrů pro SMEs; + garance pro úvěrové pojišťovny: na obchodní/exportní aktivity firem | N69: 1,3+30 mld. DKK | O69: =1.25+30 -> 31.25 | P69: =O69*Doplňkové_statistické_info!L11 -> 4.1848125
A70: Záruky na bankovní úvěry; státní půjčky pro firmy; dluhová moratoria apod. | B70: Půjčky/garance/zajištění specificky pro exportní firmy | C70: Francie | D70: 2.5 | E70: N/A | F70: Zajištění krátkodobých exportních půjček; zahrnuto více exp. trhů
A71: Záruky na bankovní úvěry; státní půjčky pro firmy; dluhová moratoria apod. | B71: Půjčky/garance/zajištění specificky pro exportní firmy | C71: Slovinsko | D71: P/T | E71: N/A | F71: Finanční prostředky poskytnuté Státní exportní a rozvojovou bankou
A72: Záruky na bankovní úvěry; státní půjčky pro firmy; dluhová moratoria apod. | B72: Půjčky/garance/zajištění specificky pro exportní firmy | C72: Švédsko | D72: 11.49 | E72: N/A | F72: Zvýšena alokace na úvěry, zvýšen strop pro úvěrové záruky EKN | N72: 125 mld SEK | O72: 125 | P72: =O72*Doplňkové_statistické_info!L10 -> 11.49
A73: Záruky na bankovní úvěry; státní půjčky pro firmy; dluhová moratoria apod. | B73: Půjčky/garance/zajištění specificky pro exportní firmy | C73: Lucembursko | D73: 0.5 | E73: N/A | F73: Rozšíření exportních garancí
A74: Záruky na bankovní úvěry; státní půjčky pro firmy; dluhová moratoria apod. | B74: Půjčky/garance/zajištění specificky pro exportní firmy | C74: Nizozemsko | D74: N/A | E74: N/A | F74: Zvýšení pojištění vývozních úvěrů (Atradius)
A75: Záruky na bankovní úvěry; státní půjčky pro firmy; dluhová moratoria apod. | B75: Půjčky/garance/zajištění specificky pro exportní firmy | C75: Španělsko | D75: 2 | E75: N/A | F75: Dodatečné garance; KB poskytnou pracovní kapitál
A76: Záruky na bankovní úvěry; státní půjčky pro firmy; dluhová moratoria apod. | B76: Půjčky/garance/zajištění specificky pro exportní firmy | C76: Maďarsko | D76: N/A | E76: N/A | F76: Garance/pojišťovací schémata/půjčky na pracovní kapitál
A77: Záruky na bankovní úvěry; státní půjčky pro firmy; dluhová moratoria apod. | B77: Půjčky/garance/zajištění specificky pro exportní firmy | C77: Itálie | D77: 200 | E77: 2021 | F77: Záruky pro udržení exportu
A78: Záruky na bankovní úvěry; státní půjčky pro firmy; dluhová moratoria apod. | B78: Půjčky/garance/zajištění specificky pro exportní firmy | C78: Rumunsko | D78: N/A | E78: N/A | F78: Pojištění krátkodobých vývozních úvěrů prostřednictvím EximBank
A79: Záruky na bankovní úvěry; státní půjčky pro firmy; dluhová moratoria apod. | B79: Půjčky/garance/zajištění specificky pro exportní firmy | C79: Německo | D79: P/T | E79: N/A | F79: Rozšíření exportních záruk i na země EU a vybrané země OECD
A80: Záruky na bankovní úvěry; státní půjčky pro firmy; dluhová moratoria apod. | B80: Půjčky/garance/zajištění specificky pro exportní firmy | C80: ČR | D80: 12.1242 | E80: N/A | F80: EGAP - pojistná kapacita | N80: 330 mld. Kč | O80: 330 | P80: =O80*Doplňkové_statistické_info!L7 -> 12.1242
A81: Záruky na bankovní úvěry; státní půjčky pro firmy; dluhová moratoria apod. | B81: Půjčky/garance/zajištění specificky pro exportní firmy | C81: Chorvatsko | D81: 0.00015 | E81: N/A | F81: Program pojištění exportních půjček pro SMEs
A82: Záruky na bankovní úvěry; státní půjčky pro firmy; dluhová moratoria apod. | B82: Půjčky/garance/zajištění specificky pro exportní firmy | C82: Portugalsko | D82: 0.25 | E82: N/A | F82: Zvýšení stropů pro pojištění úvěrů; metalurgie, mechanická odvětví, staveb., krátkodobý vývoz
A83: Záruky na bankovní úvěry; státní půjčky pro firmy; dluhová moratoria apod. | B83: Dluhová moratoria/odklad splátek | C83: Polsko | D83: N/A | E83: N/A | F83: Splátkový kalendář pro osoby ve finančních potížích, dobrovolný odklad splátek
A84: Záruky na bankovní úvěry; státní půjčky pro firmy; dluhová moratoria apod. | B84: Dluhová moratoria/odklad splátek | C84: Itálie | D84: 220 | E84: Viz spec. | F84: Jednoleté přerušení splátek hypoték nezaměstnaným; odklad splátek SMEs (do 09/20); + odklad dalších splátek (vč. hypoték); podpořeno zárukami státu
A85: Záruky na bankovní úvěry; státní půjčky pro firmy; dluhová moratoria apod. | B85: Dluhová moratoria/odklad splátek | C85: Nizozemsko | D85: N/A | E85: Viz spec. | F85: 6 měsíců; firemní půjčky pod 2,5 (50) mil.; iniciativa bankovního sektoru
A86: Záruky na bankovní úvěry; státní půjčky pro firmy; dluhová moratoria apod. | B86: Dluhová moratoria/odklad splátek | C86: Slovinsko | D86: N/A | E86: Viz spec. | F86: Roční odklad splácení úvěrů státu
A87: Záruky na bankovní úvěry; státní půjčky pro firmy; dluhová moratoria apod. | B87: Dluhová moratoria/odklad splátek | C87: Litva | D87: N/A | E87: Viz spec. | F87: Prodloužení (3-6 měsíců) odkladu pro splácení hypotečních úvěrů propuštěným
A88: Záruky na bankovní úvěry; státní půjčky pro firmy; dluhová moratoria apod. | B88: Dluhová moratoria/odklad splátek | C88: Lucembursko | D88: N/A | E88: Viz spec. | F88: Závazek KB; půlroční moratorium; pro SMEs, OSVČ a "liberal professionals"; uvolnění podmínek splácení úvěrů
A89: Záruky na bankovní úvěry; státní půjčky pro firmy; dluhová moratoria apod. | B89: Dluhová moratoria/odklad splátek | C89: Španělsko | D89: N/A | E89: 06-09/20 | F89: Zranitelné skupiny; 3 měsíce úvěry, včetně hypoték (+ OSVČ; až 6 měs.)
A90: Záruky na bankovní úvěry; státní půjčky pro firmy; dluhová moratoria apod. | B90: Dluhová moratoria/odklad splátek | C90: Belgie | D90: N/A | E90: 09/20 | F90: Moratoria na hypotéky/úvěry/pojistné na požár atd.: rodiny, firmy a OSVČ
A91: Záruky na bankovní úvěry; státní půjčky pro firmy; dluhová moratoria apod. | B91: Dluhová moratoria/odklad splátek | C91: Irsko | D91: N/A | E91: Viz spec. | F91: Moratorium úroky/splátky na 6měsíců v programu "mikrofinancování "; plošné (3 měsíce) moratorium na splátky pro firmy, SMEs, jednotlivce (dle situace)
A92: Záruky na bankovní úvěry; státní půjčky pro firmy; dluhová moratoria apod. | B92: Dluhová moratoria/odklad splátek | C92: Chorvatsko | D92: N/A | E92: Viz spec. | F92: Moratorium na splátky 3 měs.; odklad subvencovaných hypoték
A93: Záruky na bankovní úvěry; státní půjčky pro firmy; dluhová moratoria apod. | B93: Dluhová moratoria/odklad splátek | C93: ČR | D93: N/A | E93: Viz spec. | F93: Jednotlivci a firmy; 3 nebo 6 měsíců; úvěry a hypotéky
A94: Záruky na bankovní úvěry; státní půjčky pro firmy; dluhová moratoria apod. | B94: Dluhová moratoria/odklad splátek | C94: Maďarsko | D94: N/A | E94: N/A | F94: Moratorium na všechny splátky úvěrů u KB
A95: Záruky na bankovní úvěry; státní půjčky pro firmy; dluhová moratoria apod. | B95: Dluhová moratoria/odklad splátek | C95: Dánsko | D95: N/A | E95: N/A | F95: Dohoda vlády a KB na odkladu splátek úvěrů a hypoték pro domácnosti
A96: Záruky na bankovní úvěry; státní půjčky pro firmy; dluhová moratoria apod. | B96: Dluhová moratoria/odklad splátek | C96: Slovensko | D96: N/A | E96: Viz spec. | F96: Odklad splácení hypoték a úvěrů až na 9 měsíců
... A99: Záruky na bankovní úvěry; státní půjčky pro firmy; dluhová moratoria apod. | B99: Dluhová moratoria/odklad splátek | C99: Kypr | D99: N/A | E99: Viz spec. | F99: Odklad všech splátek a zmrazení úroků; 9 měsíců
A100: Záruky na bankovní úvěry; státní půjčky pro firmy; dluhová moratoria apod. | B100: Rekapitalizace, nákup akcií, znárodnění | C100: Bulharsko | D100: 0.15 | E100: N/A | F100: Kvazi/kapitálové investice do SMEs zasažených krizí | N100: 294 mil. BGN | O100: 0.294 | P100: =O100*Doplňkové_statistické_info!L13 -> 0.1503222
A101: Záruky na bankovní úvěry; státní půjčky pro firmy; dluhová moratoria apod. | B101: Rekapitalizace, nákup akcií, znárodnění | C101: Francie | D101: 20 | E101: N/A | F101: Kapitálové investice a znárodnění firem v obtížích
A102: Záruky na bankovní úvěry; státní půjčky pro firmy; dluhová moratoria apod. | B102: Rekapitalizace, nákup akcií, znárodnění | C102: Dánsko | D102: 1.7944476 | E102: N/A | F102: Rizikový kapitál i půjčky start-upům; + rekapitalizace velkých firem | N102: 3,4+10 mld. DKK | O102: 13.4 | P102: =O102*Doplňkové_statistické_info!L11 -> 1.7944476
A103: Záruky na bankovní úvěry; státní půjčky pro firmy; dluhová moratoria apod. | B103: Rekapitalizace, nákup akcií, znárodnění | C103: Irsko | D103: 2.2 | E103: N/A | F103: Záchranný/restrukturalizační program pro zranitelné, ale životaschopné firmy, rekapitalizace středních a velkých podniků za komerční podmínky
...

Sheet Doplňková_opatření
A1: Další kategorie/opatření
D2: Země | E2: Mld. EUR | F2: Specifikace | P2: Domácí měna
A3: Nezdaněné bonusy zaměstnancům od firem | D3: Francie | E3: N/A | F3: Zjednodušení; výjimky v jejich zdanění v "nezbytných" sektorech
A4: Podpora studentů | D4: Dánsko | E4: 0.897 | F4: Zvýšení limitů studentských půjček; podpora mezd studentů v soukr. firmách (do 12/20) | P4: 0,6+6,1 mld. DKK
D5: Švédsko | E5: N/A | F5: Odstranění stropů na příjmy pro přidělení "student aid" | P5: N/A
D6: Belgie | E6: N/A | F6: Možnost předčasného ukončení nájemních smluv, …
D7: Lucembursko | E7: N/A | F7: 1 000 EUR pro studenty, kteří čelí akutním finančním problémům; finanční podpora vysokoškolského studia rozšířena
A8: Podpora prodeje "nesplacených úvěrů" (NPLs) | D8: Itálie | E8: 10 | F8: Konverzí odložených daňových aktiv (DTA) na slevu na dani pro finanční a průmyslové podniky
A9: Zákaz/restrikce pro propouštění | D9: Španělsko | E9: N/A | F9: Nelze zrušit dočasné prac. Smlouvy (pouze přerušit); jejich prodloužení pro učitele/výzkumníky (3,8 mil. EUR); propouštění kvůli COVID19 nepřípustné
D10: Portugalsko | E10: N/A | F10: Zákaz propuštění - u rodičů starajících se o děti do 12 let; posílená pravomoc Úřadu pro pracovní podmínky (ACT) jednat proti neoprávněnému propouštění
D11: Francie | E11: N/A | F11: Větší dohled státu při propuštění z "ekonomických důvodů"
D12: Itálie | E12: N/A | F12: Zmrazení propouštění na pět měsíců
A13: FDI ze třetích zemí | D13: Španělsko | E13: N/A | F13: Předchozí souhlas vlády; pro strategické sektory
A14: Opatření v oblasti cel a obchodních barier | D14: Španělsko | E14: N/A | F14: Urychlení celních procedur pro vývoz a dovoz průmyslových výrobků; 6 měsíců
D15: Litva | E15: N/A | F15: Dočasné zrušení aplikace cel v některých případech (zboží potřebné pro boj s COVID)
D16: Irsko | E16: N/A | F16: "Green routing": Nepřetržitý dovoz a dodávky kritických farmaceutických výrobků a léčivů | P16: N/A
D17: UK | E17: N/A | F17: Osvobození od cla a DPH na dovoz zdravotnických potřeb ze zemí mimo EU
A18: Ekonomická opatření vůči státním zaměstnancům | D18: Slovinsko | E18: N/A | F18: Až o 100 % zvýšování mezd (zdravotní péče, bezpečnost atd.) a 30 % snížení mezd pro ostatní | P18: N/A
D19: Chorvatsko | E19: N/A | F19: Moratorium na přijímání nových státních zaměstnanců (mimo zdravotníky)
D20: Bulharsko | E20: N/A | F20: Politická reprezentace bez platu od 1. 4. do konce národní nouze
A21: Tripartitní iniciativy; spolupráce se zaměstnavateli | D21: Dánsko | E21: N/A | F21: Vládní a business jednotky Corona
D22: Francie | E22: N/A | F22: Krizový výbor pro konzultace se zaměstnavatelskými svazy
A23: Uvolňování dluhových brzd/moratoria na veř. rozpočty | D23: Estonsko | E23: N/A | F23: Na lokální úrovni, k umožnění pokračování investic
D24: Chorvatsko | E24: N/A | F24: Moratorium na výdaje státního rozpočtu (vč. veřejných zakázek) mimo ty nezbytné
D25: Litva | E25: N/A | F25: Uvolnění stropů pro zadlužení obcí
D26: Dánsko | E26: N/A | F26: Zrušení rozpočtových stropů na rok 2020 (pro investice)
D27: Španělsko | E27: N/A | F27: Rozpočtová flexibilita, umožnění využití přebytků lokálních vlád z minulých let
A28: Odklad reforem | D28: Francie | E28: 0.5 | F28: Odklad části reformy pojištění v nezaměstnanosti
A29: Opatření týkající se dividend | D29: Francie | E29: N/A | F29: Pozastavení jejich vyplácení u podniků se státní účastí; dobrovolná účast i velkých soukr. firem
D30: Španělsko | E30: N/A | F30: Využití Kurzarbeitu (ERTE) podmíněno nevyplácením dividend
D31: Chorvatsko | E31: N/A | F31: Banky nebudou vyplácet dividendy.
D32: Itálie | E32: N/A | F32: Záruky od exportní úvěrové agentury podmíněny jejich nevyplácením.
A33: Opatření (ostatní) ve vztahu k EU fondům | D33: Chorvatsko | E33: N/A | F33: Zvýšení záloh
A34: Opatření směrem k zelené ekonomice | D34: Francie | E34: N/A | F34: Podpora prodeje "zelených aut" a zelených investic v automobilovém a "aerospace" sektoru
D35: Španělsko | E35: 0.1 | F35: MOVE II: dotace na obnovu vozidel
D36: UK | E36: N/A | F36: Granty pro domacnosti na šetření energie
D37: Maďarsko | E37: 0.04194 | F37: 55% dotace na nákup elektromobilů a ostatních elektrovozidel pro firmy
A38: Automobilový sektor | D38: Španělsko | E38: 0.5 | F38: Záruky
A39: Podpora veřejné dopravy | D39: Nizozemsko | E39: 1.5 | F39: Pro Nizozemské železnice a další společnosti veřejné dopravy (od 1. 3. do konce r. 2020)
A40: Podpůrné balíčky ve zdravotnictví | D40: Francie | E40: 8.26
D41: Itálie | E41: 7.5
D42: Španělsko | E42: 4.2
D43: UK | E43: 36.2
D44: Belgie | E44: 1
D45: ČR | E45: 1.480622
D46: Dánsko | E46: N/A
D47: Estonsko | E47: 0.22
D48: Kýpr | E48: 0.1
D49: Litva | E49: 0.5
D50: Lot | E50: 0.024
D51: Lucembursko | E51: 0.194
D52: Portugalsko | E52: 0.296
D53: Rakousko | E53: 0.023
D54: Rumunsko | E54: 0.82
D55: Řecko | E55: 0.275
D56: Švédsko | E56: 2.57
D57: Maďarsko | E57: 1.85
A58: Nucená dovolená/čerpání přesčasů | D58: Rakousko | E58: N/A
D59: Francie | E59: N/A | F59: Zkrácení lhůty pro přikázání dovolené
D60: Bulharsko | E60: N/A | F60: Polovinu roční dovolené
D61: Dánsko | E61: N/A | F61: Vyčerpání 5 dnů dovolené jako součást systému náhrady mezd
A62: Mediace konfliktů ohledně smluv, při krachu či restrukturalizaci | D62: Francie | E62: N/A | F62: Ohledně smluv
D63: Nizozemsko | E63: N/A | F63: Při krachu, restrukturalizaci - SIM
A64: Jednotka pro mezifiremní úvěrování | D64: Francie | E64: N/A
A65: Mediace úvěrů pro SMEs | D65: Francie | E65: N/A
A66: Doporučení/vodítka pro zaměstnavatele (trh práce) | D66: ES | E66: N/A
A67: Posílení regionálních/místních rozpočtů pro boj s krizí | D67: UK | E67: 34.056
D68: Estonsko | E68: 0.03
D69: Litva | E69: 0.04 | F69: Půjčky
D70: ČR | E70: 0.47762
D71: Itálie | E71: 12
A72: Program pro oběti domácího násilí, bezdomovců s cílem řešit bydlení | D72: Španělsko | E72: 0.05
A73: Fiskální restrikce (zvýšení daní, změny v důch. systému,…) | D73: Estonsko | E73: 0.142 | F73: Změny v důch. systému
D74: Maďarsko | E74: N/A | F74: Zavedení daně pro maloobchod (vč. online) a finanční sektor
A75: Podpora pohybu pracovních sil v klíčových setorech | D75: Nizozemsko | E75: N/A
A76: Podpora poskytovatelů sociálních služeb | D76: Nizozemsko | E76: 0.023 | F76: Granty; e-aplikace; podpora služeb doma
A77: Fiskální balíček na podporu podnikatelského ekosystému | D77: Portugalsko | E77: 0.025
A78: Možnost propuštění zaměstnanců na dobu určitou jen za stejných podmínek, jako by měly dobu neurčitou | D78: Finsko | E78: N/A
A79: Nouzové ubytování bezdomovců v hotelových pokojích | D79: Francie | E79: N/A
A80: Snížení cen paliv | D80: Malta | E80: N/A
A81: Dodatečné "in work benefits and grants" | D81: Malta | E81: N/A
A82: Prodloužení pracovních povolení cizincům | D82: Polsko | E82: N/A
A83: Snížení notářských poplatků spojených se změnami úvěrů | D83: Španělsko | E83: N/A
A84: Nemožnost využívat Kurzarbeit (ERTE) pro "offshore" firmy | D84: Španělsko | E84: N/A
A85: Bilaterální zahraniční spolupráce a humanitární pomoc | D85: ČR | E85: 0.11022 | F85: Do roku 2023
A86: Nákup nadbytečného zboží vládou (zemědělské, potravinářství, strategické, ...) | D86: Chorvatsko | E86: N/A
A87: Snížení administrativní zátěže podniků, uvolnění pravidel zákoníku práce | D87: Slovensko | E87: N/A
A88: Podpora pohostinství | D88: UK | E88: 0.6 | F88: 50% sleva při jídle v restauracích, 3-31. 8. 2020

Sheet Doplňkové_statistické_info
A1: MMF | B1: https://www.imf.org/en/Topics/imf-and-covid19/Policy-Responses-to-COVID-19#I
A2: OECD | B2: https://oecd.github.io/OECD-covid-action-map/
A3: Bruegel | B3: https://www.bruegel.org/publications/datasets/covid-national-dataset/ | L3: ECB
B4: AKTUALIZACE | D4: DATUM | L4: https://www.ecb.europa.eu/stats/policy_and_exchange_rates/euro_reference_exchange_rates/html/eurofxref-graph-pln.en.html
B5: 1 | C5: Česká republika | D5: 44007
B6: 2 | C6: Belgie | D6: 43993 | K6: Kurzy k 7. 4. 2020 | M6: Euro/Národní měna
B7: 3 | C7: Bulharsko | D7: 43993 | K7: CZK | L7: 0.03674
B8: 4 | C8: Dánsko | D8: 44008 | K8: PLN | L8: 0.2205
B9: 5 | C9: Estonsko | D9: 44011 | K9: RON | L9: 0.207
B10: 6 | C10: Finsko | D10: 43994 | K10: SEK | L10: 0.09192
B11: 7 | C11: Francie | D11: 43997 | K11: DKK | L11: 0.133914
B12: 8 | C12: Chorvatsko | D12: 44012 | K12: GBP | L12: 1.1352
B13: 9 | C13: Itálie | D13: 44013 | K13: BGN | L13: 0.5113
B14: 10 | C14: Irsko | D14: 44013 | K14: HUF | L14: 0.002796
B15: 11 | C15: Kypr | D15: 44013 | K15: HRK | L15: 0.13102725
B16: 12 | C16: Litva | D16: 44014
B17: 13 | C17: Lotyšsko | D17: 44021
B18: 14 | C18: Lucembursko | D18: 44022 | K18: Legenda + vybrané zkratky
B19: 15 | C19: Maďarsko | D19: 44029 | K19: KB | L19: Komerční banky
B20: 16 | C20: Malta | D20: 43999 | K20: OSVČ | L20: Osoba samostatně výdělečně činná/živnostnik či jejich analogie v zemích EU
B21: 17 | C21: Německo | D21: 36696 | K21: SMEs | L21: Malé a střední podniky
B22: 18 | C22: Nizozemsko | D22: 44014 | K22: DPH | L22: Daň z přidané hodnoty
B23: 19 | C23: Polsko | D23: 44004 | K23: VAVAI | L23: Výkum, vývoj a inovace
B24: 20 | C24: Portugalsko | D24: 44022 | K24: N/A | L24: Není dostupné/dohledatelné/relevantní
B25: 21 | C25: Rakousko | D25: 44022 | K25: Tučně vyznačená částka | L25: Souhrnná částka pro více opatření - u ostatních opatření uvedeno P/T
B26: 22 | C26: Rumunsko | D26: 44025 | K26: P/T | L26: Část celku; tj. finanční částka na dané opatření je součástí souhrnné částky
B27: 23 | C27: Řecko | D27: 44025 | K27: Viz spec. | L27: Informace o termínu opatření ve sloupci "Další specifikace…"
B28: 24 | C28: Slovensko | D28: 44025
B29: 25 | C29: Slovinsko | D29: 44026
B30: 26 | C30: Španělsko | D30: 44006
B31: 27 | C31: Švédsko | D31: 44028
B32: 28 | C32: UK | D32: 44028
